 Dungeon Crawl Stone Soup version 0.29.0-4-gdea44cf6ec (webtiles) character file.

Game seed: 18418386841836052024

198 qw the Chopper (level 5, -3/30 HPs)
             Began as a Tengu Warper on Aug 28, 2022.
             Slain by an orc
             ... wielding a staff of air
              (4 damage)
             ... on level 5 of the Dungeon.
             The game lasted 00:00:14 (2144 turns).

qw the Chopper (Tengu Warper)                       Turns: 2144, Time: 00:00:14

Health: -3/30      AC:  3    Str: 14    XL:     5   Next: 76%
Magic:  9/9        EV: 14    Int: 13    God:
Gold:   109        SH:  0    Dex: 13    Spells: 8/8 levels left

rFire   . . .      SeeInvis .   Y - +0 hand axe
rCold   . . .      Faith    .   (no shield)
rNeg    . . .      Spirit   .   b - +0 leather armour
rPois   .          Reflect  .   (helmet restricted)
rElec   .          Harm     .   (no cloak)
rCorr   .          Rampage  .   (no gloves)
Will    .....                   (boots unavailable)
Stlth   +.........              (no amulet)
HPRegen 0.10/turn               (no ring)
MPRegen 0.11/turn               (no ring)

@: flying quickly and evasively, quick
A: beak, talons 3, nimble flight
a: no special abilities


You were on level 5 of the Dungeon.
You visited 1 branch of the dungeon, and saw 4 of its levels.

You collected 109 gold pieces.


Innate Abilities, Weirdness & Mutations

You have a beak for a mouth.
You have claws for feet.
Your magical nature lets you fly swiftly and evasively.


   Skills:
 - Level 2.0 Fighting
 + Level 6.4 Axes
 - Level 1.0 Throwing
 - Level 1.1 Armour
 - Level 2.1 Dodging
 - Level 2.0 Spellcasting
 - Level 2.4 Translocations


You had 8 spell levels left.
You didn't know any spells.
Your spell library contained the following spells:

 Spells                   Type           Power      Damage    Failure   Level
 Blink                    Tloc           14%        N/A       19%         2
 Gell's Gravitas          Tloc           7%         N/A       34%         3
 Lesser Beckoning         Tloc           7%         N/A       34%         3
 Teleport Other           Tloc           7%         N/A       34%         3
 Manifold Assault         Tloc           7%         N/A       97%         5

Inventory:

Hand Weapons
 e - a +0 whip
 Y - a +0 hand axe (weapon)
Missiles
 f - 4 silver javelins (quivered)
Armour
 b - a +0 leather armour (worn)
Potions
 a - a potion of heal wounds {unknown}
 g - a potion of attraction {unknown}

Dungeon Overview and Level Annotations

Branches:
Dungeon (3/15)

Altars:


Message History

An orc priest comes into view. It is wielding a +0 dagger.
The orc priest begins to cast a cantrip, but forgets the words!
2132 ||| Stepping ~*~*~tactically~*~*~ (hiding).
2133 ||| Stepping ~*~*~tactically~*~*~ (hiding).
You start waiting.
An orc priest is nearby! 2 orcs come into view.
The orc shouts! x2
The orc priest calls down the wrath of Beogh upon you.
Beogh smites you!
You hear a shout!
An orc comes into view. It is wielding a staff of air.
Found a club and a wooden ring.
The orc shouts!
The orc priest mumbles some strange prayers to Beogh against you.
Pain shoots through your body!
You hit the orc priest.
The orc priest is lightly wounded.
The orc priest closely misses you.
You barely miss the orc priest. You claw the orc priest.
The orc priest is moderately wounded.
The orc priest barely misses you.
You hit the orc priest. You claw the orc priest.
The orc priest is almost dead.
You hit the orc. The orc priest closely misses you. The orc barely misses you.
You barely miss the orc priest. You claw the orc priest.
You peck the orc priest.
You kill the orc priest!
You hit the orc. You completely miss the orc.
The orc hits you with a +0 hand axe. The orc hits you with a +0 club.
You hit the orc.
You kill the orc!
You hit the orc but do no damage. The orc hits you but does no damage.
You hit the orc but do no damage. Your kick misses the orc.
The orc is heavily wounded.
You closely miss the orc. The orc misses you.
The orc hits you with a staff of air.
You die...

.# ## .# .# .# .#######
.## .......#### ..#
..####....### =.# #
#.....###...#####o.#)..#
#.....# ###.....@o.....)
#.....# #######)......
#...8.# ....... #######
....... #.#.... .###.#
.# . .#


You could see 2 orcs.

Vanquished Creatures
  A phantom (D:5)
  An orc priest (D:5)
  Robin (D:2)
  3 adders (D:2)
  A dart slug (D:2)
  An orc (D:5)
  5 bats
  3 endoplasms
  2 giant cockroaches
  13 goblins
  4 hobgoblins
  4 jackals (D:2)
  4 kobolds
  2 quokkas
  A ball python (D:2)
  2 frilled lizards
  A rat (D:2)
49 creatures vanquished.

Notes
Turn   | Place    | Note
-------+----------+-------------------------------------------
     0 | D:1      | qw the Tengu Warper began the quest for the Orb.
     0 | D:1      | Reached XP level 1. HP: 12/12 MP: 4/4
     0 | D:1      | 0 ||| qw: Version: 0.1-a-89-g26bdef1
     0 | D:1      | 0 ||| qw: Game counter: 2720
     0 | D:1      | 0 ||| qw: Always use a shield: true
     0 | D:1      | 0 ||| qw: God list: Okawaru
     0 | D:1      | 0 ||| qw: Allow faded altars: false
     0 | D:1      | 0 ||| qw: Do Orc after D:15 true
     0 | D:1      | 0 ||| qw: Do second Lair branch before Depths: true
     0 | D:1      | 0 ||| qw: Lair rune preference: random
     0 | D:1      | 0 ||| qw: Plans: Normal
     0 | D:1      | 0 ||| PLANNING D:1-11
   295 | D:1      | Reached skill level 3 in Axes
   295 | D:1      | Reached XP level 2. HP: 17/17 MP: 6/6
   377 | D:1      | Found a faded altar of an unknown god.
   713 | D:1      | 713 ||| READING scroll labelled VOZXET ERPHALU.
   714 | D:1      | 714 ||| DROPPING scroll of blinking.
   757 | D:2      | 757 ||| FLEEEEING.
   760 | D:2      | 760 ||| STAIRDANCE
   905 | D:2      | Reached XP level 3. HP: 21/21 MP: 7/7
   906 | D:2      | 906 ||| Stepping ~*~*~tactically~*~*~ (stealth).
   909 | D:2      | 909 ||| Stepping ~*~*~tactically~*~*~ (stealth).
   917 | D:2      | Reached skill level 4 in Axes
  1076 | D:2      | 1076 ||| Stepping ~*~*~tactically~*~*~ (stealth).
  1084 | D:2      | 1084 ||| Stepping ~*~*~tactically~*~*~ (hiding).
  1184 | D:2      | 1184 ||| Stepping ~*~*~tactically~*~*~ (stealth).
  1186 | D:2      | 1186 ||| Stepping ~*~*~tactically~*~*~ (stealth).
  1188 | D:2      | 1188 ||| Stepping ~*~*~tactically~*~*~ (stealth).
  1190 | D:2      | 1190 ||| Stepping ~*~*~tactically~*~*~ (stealth).
  1199 | D:2      | 1199 ||| Stepping ~*~*~tactically~*~*~ (stealth).
  1203 | D:2      | 1203 ||| FLEEEEING.
  1255 | D:2      | Noticed Robin
  1256 | D:2      | 1256 ||| Stepping ~*~*~tactically~*~*~ (hiding).
  1265 | D:2      | Killed Robin
  1266 | D:2      | Reached XP level 4. HP: 19/26 MP: 8/8
  1266 | D:2      | 1266 ||| FLEEEEING.
  1267 | D:2      | 1267 ||| FLEEEEING.
  1268 | D:2      | 1268 ||| FLEEEEING.
  1269 | D:2      | 1269 ||| FLEEEEING.
  1270 | D:2      | 1270 ||| FLEEEEING.
  1271 | D:2      | 1271 ||| FLEEEEING.
  1272 | D:2      | 1272 ||| FLEEEEING.
  1273 | D:2      | 1273 ||| FLEEEEING.
  1274 | D:2      | 1274 ||| FLEEEEING.
  1275 | D:2      | 1275 ||| FLEEEEING.
  1276 | D:2      | 1276 ||| FLEEEEING.
  1277 | D:2      | 1277 ||| FLEEEEING.
  1278 | D:2      | 1278 ||| FLEEEEING.
  1279 | D:2      | 1279 ||| FLEEEEING.
  1280 | D:2      | 1280 ||| FLEEEEING.
  1281 | D:2      | 1281 ||| FLEEEEING.
  1282 | D:2      | 1282 ||| FLEEEEING.
  1283 | D:2      | 1283 ||| STAIRDANCE
  1346 | D:1      | 1346 ||| READING scroll labelled DAIPNEA UHUZO.
  1349 | D:2      | 1349 ||| STAIRDANCE
  1385 | D:2      | 1385 ||| STAIRDANCE
  1399 | D:2      | 1399 ||| STAIRDANCE
  1488 | D:2      | 1488 ||| Stepping ~*~*~tactically~*~*~ (stealth).
  1577 | D:2      | 1577 ||| Stepping ~*~*~tactically~*~*~ (stealth).
  1670 | D:2      | Reached skill level 5 in Axes
  1996 | D:2      | 1996 ||| READING scroll labelled ANOTWYUMAP.
  2063 | D:3      | You fall into a shaft and drop 2 floors!
  2063 | D:5      | Entered Level 5 of the Dungeon
  2065 | D:5      | Noticed a phantom
  2075 | D:5      | Killed a phantom
  2076 | D:5      | Reached skill level 6 in Axes
  2076 | D:5      | Gained mutation: Your magical nature lets you fly swiftly
                  | and evasively. [Tengu growth]
  2076 | D:5      | Reached XP level 5. HP: 26/30 MP: 9/9
  2132 | D:5      | 2132 ||| Stepping ~*~*~tactically~*~*~ (hiding).
  2133 | D:5      | 2133 ||| Stepping ~*~*~tactically~*~*~ (hiding).
  2142 | D:5      | HP: 4/30 [orc/+0 hand axe (6)]
  2142 | D:5      | HP: 1/30 [orc/+0 club (3)]
  2144 | D:5      | Slain by an orc

Levels and vault maps discovered:
D:1:      dpeg_arrival_simpleton_b, layout_loops_ring,
          shapermc_ecumenical_altar_ellora
D:2:      layout_basic, uniq_robin
D:3:      layout_rooms
D:5:      layout_rooms, minmay_temple_entry_trees, serial_undead,
          serial_undead_b, serial_undead_f, serial_undead_c, serial_undead_a

Skill      XL: |  1  2  3  4 |
---------------+-------------+-----
Axes           | 3 4 6 |  6.4
Fighting       | |  2.0
Throwing       | |  1.0
Armour         | |  1.1
Dodging        | |  2.1
Spellcasting   | |  2.0
Translocations | |  2.4

Action                   |  1- 3 |  4- 6 || total
-------------------------+-------+-------++-------
Melee: Hand axe          |    48 |    50 ||    98
       Peck              |     7 |     7 ||    14
       Kick              |     9 |    12 ||    21
Throw: Boomerang         |     7 |       ||     7
       Javelin           |    16 |    10 ||    26
  Use: Scroll            |     1 |     2 ||     3
Armor: Leather armour    |    16 |    11 ||    27
Dodge: Dodged            |    20 |    31 ||    51

Table legend:
 A = Non-vault XP
 B = Vault XP
 C = Vault XP percentage of total XP
 D = Non-vault monster count
 E = Vault monster count
 F = Vault count percentage of total count
                 A         B        C        D         E       F
            +---------+---------+-------+---------+---------+-------
      Total |     143 |     140 |  49.5 |      36 |      13 |  26.5
            +---------+---------+-------+---------+---------+-------
        D:1 |      14 |       4 |  22.2 |       8 |       2 |  20.0
        D:2 |      79 |      33 |  29.5 |      24 |      10 |  29.4
        D:3 |       4 |       0 |   0.0 |       2 |       0 |   0.0
        D:5 |      46 |     103 |  69.1 |       2 |       1 |  33.3
            +---------+---------+-------+---------+---------+-------
